 Dungeon Crawl Stone Soup version 0.28-a0-1159-g27aa881441 (webtiles) character file.

Game seed: 3837518175535009110

2229 bande the Chopper (level 9, -8/55 HPs)
             Began as a Gargoyle Fighter on Dec 15, 2021.
             Was an Initiate of Okawaru.
             Mangled by a wight (19 damage)
             ... on level 7 of the Dungeon.
             The game lasted 00:09:50 (7378 turns).

bande the Chopper (Gargoyle Fighter)                Turns: 7378, Time: 00:09:51

Health: -8/55      AC: 18    Str: 20    XL:     9   Next: 36%
Magic:  9/9        EV:  7    Int: 12    God:    Okawaru [......]
Gold:   491        SH:  6    Dex: 19    Spells: 8/8 levels left

rFire   . . .      SeeInvis +   a - +1 war axe
rCold   . . .      Faith    .   c - +0 buckler
rNeg    + . .      Spirit   .   h - +0 chain mail
rPois   ∞          Reflect  .   b - +1 helmet {Int+3}
rElec   +          Harm     .   (no cloak)
rCorr   .          Rampage  .   (no gloves)
Will    .....                   (no boots)
Stlth   ..........              (no amulet)
HPRegen 0.18/turn               j - +6 ring of dexterity
MPRegen 0.11/turn               o - ring of see invisible

@: no status effects
A: sickness immunity, AC +6, negative energy resistance 1, electricity
resistance, torment resistance 1, petrification resistance
a: Renounce Religion


You were on level 7 of the Dungeon.
You worshipped Okawaru.
Okawaru was noncommittal.
You visited 2 branches of the dungeon, and saw 8 of its levels.
You also visited: Ossuary.

You collected 503 gold pieces.
You spent 12 gold pieces at shops.

Inventory:

Hand Weapons
 a - a +1 war axe (weapon)
 u - a +0 flail
Armour
 b - a +1 helmet of intelligence (worn)
 c - a +0 buckler (worn)
 h - a +0 chain mail (worn)
Jewellery
 j - a +6 ring of dexterity (left hand)
 o - a ring of see invisible (right hand)
Wands
 d - a wand of digging (19)
 m - a wand of mindburst (15)
 n - a wand of acid (9)
 r - a wand of charming (20)
Scrolls
 g - a scroll of blinking
 k - a scroll of fear
 p - 2 scrolls of amnesia
 q - 2 scrolls of teleportation
Potions
 e - a potion of flight
 f - a potion of heal wounds {unknown}
 i - a potion of magic {unknown}
 l - 5 potions of curing
 s - a potion of haste {unknown}
 t - 2 potions of invisibility


   Skills:
 + Level 5.9 Fighting
 + Level 7.9 Axes
 + Level 6.1 Armour
 - Level 0.3 Stealth
 + Level 5.0 Shields
 * Level 3.9 Evocations


You had 8 spell levels left.
You didn't know any spells.
Your spell library contained the following spells:

 Spells                   Type           Power      Damage    Failure   Level
 Sandblast                Erth           0%         2d4       96%         1
 Ensorcelled Hibernation  Hex/Ice        0%         N/A       99%         2
 Passwall                 Tmut/Erth      0%         N/A       99%         2
 Wereblood                Tmut           0%         N/A       99%         2
 Stone Arrow              Conj/Erth      0%         3d7       100%        3
 Petrify                  Tmut/Erth      0%         N/A       100%        4
 Irradiate                Conj/Tmut      0%         3d13      100%        5
 Sublimation of Blood     Necr           Unusable   N/A       N/A         2
 Tukima's Dance           Hex            Unusable   N/A       N/A         3
 Summon Hydra             Summ           Unusable   N/A       N/A         7

Dungeon Overview and Level Annotations

Branches:
Dungeon (7/15)             Temple (1/1) D:6         Ossuary (visited)

Altars:
Ashenzari
Cheibriados
Dithmenos
Elyvilon
Fedhas
Gozag
Makhleb
Nemelex Xobeh
Okawaru
Ru
Sif Muna
Trog
Uskayaw
Vehumet
Wu Jian
Xom
Yredelemnul
Zin
The Shining One

Shops:
D:2 [   D:5 (   D:6 !


Innate Abilities, Weirdness & Mutations

You are immune to sickness and miasma.
Your stone body is resilient. (AC +6)
You are immune to poison.
You resist negative energy. (rN+)
You are resistant to electric shocks. (rElec)
You are resistant to unholy torment.
You are immune to petrification.


Message History

You slash the wight!
The wight is heavily damaged.
You block the wight's attack.
You barely miss the wight.
The wight is heavily damaged.
The wight hits you with a +5 battleaxe!
You are too injured to fight recklessly!
You are too injured to fight recklessly!
You are too injured to fight recklessly!
You are too injured to fight recklessly!
You are too injured to fight recklessly!
You are too injured to fight recklessly!
You are too injured to fight recklessly!
You are too injured to fight recklessly!
You are too injured to fight recklessly!
You hit the wight but do no damage.
The wight is heavily damaged.
The wight barely misses you.
You hit the wight but do no damage.
The wight is heavily damaged.
The wight hits you with a +5 battleaxe.
You closely miss the wight.
The wight is heavily damaged.
The wight hits you but does no damage.
You hit the wight.
The wight is almost destroyed.
The wight hits you with a +5 battleaxe!
* * * LOW HITPOINT WARNING * * *
You barely miss the wight.
The wight is almost destroyed.
The wight hits you with a +5 battleaxe.
* * * LOW HITPOINT WARNING * * *
You barely miss the wight.
The wight is almost destroyed.
The wight barely misses you.
You barely miss the wight.
The wight is almost destroyed.
The wight hits you but does no damage.
The wight hits you with a +5 battleaxe!!
You die...

#c #.# ##. .# .. .##..#..
... .#... ....?.. ...#.
###. #..#.#####.#... ..##
.. #..#.##.......# _.#
...#....##.......# ..##
z......z##..(.....
###.### #...zz@........
.#....########.##........
.##......# #.##......$#
..#......# ##.##.......#
..##.....# #..#####.####
...#.....# #.## .#
...#)....# #.# #
.........# ##.######.#
#######.## #.........#


You could see 3 wights.

Vanquished Creatures
  Pikel (D:5)
  Sigmund (D:3)
  A wyvern (D:5)
  A sky beast (D:6)
  An ice beast (D:6)
  2 ogres
  2 centaurs
  2 lemures (D:5)
  A bullfrog (D:7)
  A kobold brigand (D:6)
  A water moccasin skeleton (D:6)
  A wight (D:7)
  A howler monkey (D:7)
  A human zombie (Ossuary)
  A hound (D:4)
  A bullfrog skeleton (D:6)
  A centaur skeleton (D:5)
  Jessica (D:2)
  A scorpion zombie (D:5)
  Terence (D:2)
  3 iguanas
  Natasha (thrice) (D:3)
  2 orc wizards
  2 mummies (Ossuary)
  A howler monkey zombie (D:7)
  Robin (D:2)
  8 adders
  A worm (D:3)
  3 dart slugs
  14 orcs
  3 ball pythons
  2 bats
  9 endoplasms
  5 giant cockroaches
  3 gnoll zombies (Ossuary)
  15 goblins
  13 hobgoblins
  5 jackals (D:2)
  A quokka (D:1)
  9 frilled lizards
  2 goblin zombies (Ossuary)
  5 hobgoblin zombies (Ossuary)
  8 kobolds
  3 orc zombies (Ossuary)
  4 rats
148 creatures vanquished.

Vanquished Creatures (others)
  4 plants (D:5)
4 creatures vanquished.

Grand Total: 152 creatures vanquished

Notes
Turn   | Place    | Note
-------+----------+-------------------------------------------
     0 | D:1      | bande the Gargoyle Fighter began the quest for the Orb.
     0 | D:1      | Reached XP level 1. HP: 14/14 MP: 1/1
   196 | D:1      | Reached XP level 2. HP: 19/19 MP: 2/2
   315 | D:1      | Reached skill level 2 in Axes
   816 | D:1      | Reached XP level 3. HP: 16/23 MP: 3/3
  1043 | D:1      | Found a faded altar of an unknown god.
  1144 | D:2      | Noticed Jessica
  1153 | D:2      | Killed Jessica
  1259 | D:2      | Noticed Terence
  1265 | D:2      | Killed Terence
  1266 | D:2      | Reached XP level 4. HP: 21/29 MP: 4/4
  1410 | D:2      | Reached skill level 3 in Axes
  1417 | D:2      | Noticed Robin
  1446 | D:2      | Killed Robin
  1657 | D:2      | Reached XP level 5. HP: 30/33 MP: 5/5
  1759 | D:2      | Found Yleo's Antique Armour Shop.
  2040 | D:3      | Noticed Natasha
  2046 | D:3      | Killed Natasha
  2209 | D:3      | Noticed Natasha
  2217 | D:3      | Killed Natasha
  2218 | D:3      | Reached skill level 4 in Axes
  2224 | D:3      | Noticed Natasha
  2230 | D:3      | Killed Natasha
  2231 | D:3      | Reached XP level 6. HP: 36/38 MP: 6/6
  2414 | D:3      | Noticed Sigmund
  2436 | D:3      | Killed Sigmund
  2437 | D:3      | Reached skill level 5 in Axes
  3201 | D:3      | Reached XP level 7. HP: 29/44 MP: 7/7
  3465 | D:4      | Found a shimmering blue altar of Sif Muna.
  3522 | D:4      | You fall into a shaft and drop 1 floor!
  3522 | D:5      | Entered Level 5 of the Dungeon
  3647 | D:5      | Reached skill level 1 in Evocations
  3853 | D:5      | Noticed Pikel
  3873 | D:5      | Killed Pikel
  3874 | D:5      | Reached skill level 5 in Fighting
  3874 | D:5      | Reached skill level 6 in Axes
  3874 | D:5      | Reached skill level 5 in Armour
  3874 | D:5      | Reached XP level 8. HP: 11/49 MP: 8/8
  4128 | D:5      | Noticed a wyvern
  4138 | D:5      | Killed a wyvern
  4147 | D:5      | Found a sand-covered staircase.
  4155 | Ossuary  | Entered an ossuary
  5112 | D:5      | Found Cileacif's Antique Weapon Shoppe.
  5426 | D:5      | Identified the +2 leather armour of the Kraken {Harm Drain
                  | rPois Stlth+}
  5714 | D:4      | Reached skill level 7 in Axes
  6213 | D:6      | Reached XP level 9. HP: 45/54 MP: 9/9
  6469 | D:6      | Found a staircase to the Ecumenical Temple.
  6478 | Temple   | Entered the Ecumenical Temple
  6568 | Temple   | Became a worshipper of Warmaster Okawaru
  6751 | D:6      | Found Doeps's Distillery.
  6755 | D:6      | Bought a potion of degeneration for 12 gold pieces
  7282 | D:7      | Found a broken altar of Ashenzari.
  7365 | D:7      | Reached skill level 5 in Shields
  7378 | D:7      | Mangled by a wight

Illustrated notes

Levels and vault maps discovered:
D:1:      giann_horns, layout_rooms, shapermc_ecumenical_altar_mp_ritualfount
D:2:      layout_loops_ring, serial_shops, nicolae_shop_advertising_works
          [nicolae_subvault_shop_adworks], uniq_robin, uniq_terence,
          uniq_jessica
D:3:      layout_basic, st_stairs_4, uniq_natasha, uniq_sigmund
D:4:      layout_rooms, mainiacjoe_overflow_alcove_4
D:5:      layout_basic, serial_shops, shop, chequers_ossuary_entry_cave,
          minmay_lizard_king, uniq_pikel
D:6:      layout_loops_ring, minmay_temple_entry_overgrown, serial_shops, shop
D:7:      minmay_evil_eye, layout_loops_ring, nicolae_ashenzari_panopticon,
          kennysheep_mini
Temple:   mainiacjoe_temple_bowtie_tessellation

Skill      XL: |  1  2  3  4  5  6  7  8  9 |
---------------+----------------------------+-----
Axes           | 2 3 4 5 6 7 |  7.9
Fighting       | 4 5 |  5.9
Shields        | 4 5 |  5.0
Armour         | 4 5 6 |  6.1
Evocations     | 2 3 |  3.9
Stealth        | |  0.3

Action                   |  1- 3 |  4- 6 |  7- 9 || total
-------------------------+-------+-------+-------++-------
Melee: War axe           |    67 |   158 |   274 ||   499
  Use: Scroll            |       |     4 |     7 ||    11
       Potion            |       |     1 |     1 ||     2
Armor: Scale mail        |    30 |       |       ||    30
       Chain mail        |     3 |    98 |   163 ||   264
Dodge: Dodged            |    34 |    45 |   102 ||   181
Block: Buckler           |    20 |    32 |    91 ||   143

Table legend: (Time is in decaauts)
 A = Elapsed time spent in this place.
 B = Non-inter-level travel time spent in this place.
 C = Inter-level travel time spent in this place.
 D = Time resting spent in this place.
 E = Time spent auto-exploring this place.
 F = Levels seen in this place.
 G = Mean time per level.
                   A        B        C        D        E       F      G
               +--------+--------+--------+--------+--------+-----+--------+
         Total |   7499 |   7426 |     73 |   1917 |   4145 |   9 |  833.2 |
       Dungeon |   6613 |   6569 |     44 |   1359 |   3940 |   7 |  944.7 |
        Temple |    124 |     95 |     29 |      0 |     77 |   1 |  124.0 |
       Ossuary |    761 |    761 |      0 |    558 |    128 |   1 |  761.0 |
               +--------+--------+--------+--------+--------+-----+--------+

Top non-repeatable levels by time:
     D:3: 1382 daAuts
     D:6: 1308 daAuts
     D:5: 1189 daAuts
     D:1: 1144 daAuts
     D:2: 943 daAuts
 Ossuary: 761 daAuts
     D:4: 499 daAuts
     D:7: 145 daAuts
  Temple: 124 daAuts
